AoeStats
← renardponpon

Lombardia

508954647Analyzed
2v2 RM · 8d ago on Sep 24, 2026· 45m 39s· 4 players
Game mode
Random Map
Map size
Medium (4 player)
Population
200
Speed
Normal
Resources
Standard
Victory
Conquest
Starting age
Dark Age
Ending age
Imperial Age
RankedLock teamsTeams togetherTeam positionsShared explorationLock speedFull tech treeHidden civsTurbo modeCheats
Victory
Defeat
🇫🇷 Franks · France
1008
+14
🇫🇷 Saxons · France
971
+16
🇨🇴 Maya · Colombia
973
-15
🇨🇴 Mapuche · Colombia
971
-15
SMosquera
0:29 Loom
10:45 Feudal Age
11:30 Double-Bit Axe
15:32 Castle Age
13:57 Horse Collar
14:29 Gold Mining
16:52 Bow Saw
23:50 Squires
26:19 Pikeman
26:46 Arson
27:16 Fletching
33:31 Imperial Age
30:48 Town Watch
34:00 Eagle Warrior
36:20 Conscription
38:42 Caravan
40:12 Forging
40:02 Scale Mail Armor
39:58 Bodkin Arrow
40:04 Padded Archer Armor
39:32 Elite Plumed Archer
43:06 Chemistry
42:29 Ballistics
42:07 Murder Holes
43:36 Two-Man Saw
franvelasco_92
12:30 Feudal Age
10:45 Loom
14:36 Double-Bit Axe
14:42 Gold Mining
17:37 Castle Age
16:15 Wheelbarrow
17:36 Horse Collar
20:38 Fletching
20:49 Padded Archer Armor
23:20 Pikeman
23:50 Arson
32:10 Bow Saw
32:36 Gold Shaft Mining
32:02 Heavy Plow
35:10 Scale Mail Armor
37:07 Forging
37:14 Chain Mail Armor
38:50 Iron Casting
38:12 Bodkin Arrow
38:33 Leather Archer Armor
38:39 Stone Mining
42:32 Masonry
Azurii
7:26 Loom
8:13 Loom
11:02 Feudal Age
11:27 Double-Bit Axe
11:24 Horse Collar
17:09 Wheelbarrow
20:37 Gold Mining
20:40 Stone Mining
20:51 Fletching
23:03 Castle Age
23:01 Padded Archer Armor
24:41 Heavy Plow
24:53 Bow Saw
25:23 Gold Shaft Mining
24:21 Elite Skirmisher
25:00 Bodkin Arrow
25:20 Leather Archer Armor
27:30 Hand Cart
27:37 Town Watch
30:13 Ballistics
30:54 Masonry
34:28 Imperial Age
33:04 Scale Mail Armor
33:14 Forging
34:41 Shield Wall
35:29 Thumb Ring
35:48 Bracer
35:28 Elite Hearth Troop
36:36 Town Patrol
37:19 Iron Casting
37:37 Chain Mail Armor
38:20 Conscription
37:54 Guard Tower
39:47 Hoardings
39:49 Plate Mail Armor
39:49 Ring Archer Armor
41:50 Chemistry
40:43 Gambesons
40:59 Squires
42:41 Siege Engineers
43:07 Architecture
43:18 Elite Varangian Guard
renardponpon
10:04 Loom
11:50 Feudal Age
13:45 Double-Bit Axe
18:37 Castle Age
16:45 Scale Barding Armor
16:59 Forging
19:46 Husbandry
21:54 Fervor
36:53 Chain Barding Armor
37:10 Iron Casting
41:47 Imperial Age
39:54 Wheelbarrow
39:04 Town Watch
39:31 Bow Saw
39:12 Gold Mining
39:13 Stone Mining
40:54 Hand Cart
40:39 Town Patrol
41:17 Gold Shaft Mining
41:11 Scale Mail Armor
41:35 Ballistics
43:01 Conscription
42:44 Chivalry
43:25 Plate Barding Armor
43:06 Chain Mail Armor
43:55 Blast Furnace
43:02 Cavalier
44:48 Murder Holes
44:59 Elite Throwing Axeman
Connection lost

Rejoining the realm…

Still unreachable

The connection could not be restored.

Session expired

The server has moved on; the page needs a fresh start.